 Dungeon Crawl Stone Soup version 0.22.0-18-ge075c0de6d (webtiles) character file.

232 Kniotic the Conjurer (level 5, -4/38 HPs)
             Began as a Demigod Conjurer on Aug 18, 2018.
             Slain by a gnoll
             ... wielding a +0 spear
              (7 damage)
             ... on level 4 of the Dungeon.
             The game lasted 00:04:22 (2951 turns).

Kniotic the Conjurer (Demigod Conjurer)             Turns: 2951, Time: 00:04:23

Health: -4/38      AC:  4    Str: 11    XL:     5   Next: 45%
Magic:  9/13       EV: 12    Int: 21    God:
Gold:   166        SH:  0    Dex: 16    Spells: 10/11 levels left

rFire    x . .     SeeInvis .   (no weapon)
rCold    + . .     Gourm    .   (no shield)
rNeg     . . .     Faith    .   a - +1 robe
rPois    .         Spirit   .   (no helmet)
rElec    .         Reflect  .   g - +0 cloak
rCorr    .         Harm     +   (no gloves)
MR       .....                  (no boots)
Stlth    ++........             t - amulet of harm
HPRegen  0.12/turn              q - ring of ice
MPRegen  0.13/turn              (no ring)

@: no status effects
A: high mp 1
a: no special abilities


You were on level 4 of the Dungeon.
You were not hungry.

You visited 1 branch of the dungeon, and saw 4 of its levels.
You also visited: Ossuary.

You collected 166 gold pieces.

Inventory:

Armour
 a - a +1 robe (worn)
 g - a +0 cloak (worn)
Jewellery
 i - an uncursed ring of ice
 q - a ring of ice (left hand)
 t - an amulet of harm (around neck)
Scrolls
 m - a scroll of fog {unknown}
Potions
 e - a potion of ambrosia
 f - 3 potions of flight
 h - a potion of haste
 n - a potion of invisibility {unknown}
 o - a potion of magic {unknown}
 s - a potion of might {unknown}
Comestibles
 c - 3 rations


   Skills:
 - Level 1.7 Dodging
 - Level 1.7 Stealth
 + Level 3.8 Spellcasting
 + Level 5.2 Conjurations


You had 10 spell levels left.
You knew the following spells:

 Your Spells              Type           Power        Failure   Level  Hunger
a - Magic Dart            Conj           ####         1%          1    None

Your spell library contained the following spells:

 Spells                   Type           Power        Failure   Level  Hunger
 Searing Ray              Conj           ####..       2%          2    #......
 Dazzling Spray           Conj/Hex       ##....       13%         3    ###....
 Iskenderun's Mystic Bla  Conj           ####....     14%         4    ####...
 Force Lance              Conj/Tloc      ##......     38%         4    ####...
 Fulminant Prism          Conj/Hex       ##........   38%         4    ####...


Dungeon Overview and Level Annotations

Branches:
Dungeon (4/15)
 Temple: D:4-7


Innate Abilities, Weirdness & Mutations

You have an increased reservoir of magic. (+10% MP)


Message History

You see here a -3 ring of protection.
You start resting.
A gnoll comes into view. It is wielding a spear.
The gnoll shouts!
There is an open door here.
The gnoll hits you from afar with a spear.
* * * LOW HITPOINT WARNING * * *
An orc and an orc wizard come into view.
An orc wizard comes into view. It is wielding a dagger.
You closely miss the orc wizard.
The orc wizard hits you but does no damage.
Casting: Magic Dart (safe; 1% risk of failure)
Confirm with . or Enter, or press ? or * to list all spells.
Aiming: Magic Dart (safe; 1% risk of failure)
Press: ? - help, Shift-Dir - straight line, f - orc wizard
Aim: an orc wizard, wielding a dagger and wearing a robe The magic dart hits the orc wizard.
The orc wizard is severely wounded.
The gnoll hits you with a spear.
You die...

#... .# #####
..###.######...###
##................#
....#####........'
##...#...#........#
.o..#.=.#......###
#o#.#...#....### #
#@#.##'##....#####
#.g...............
#######...########
#...# #..... #....#
#.#### #.#+##
#.#### #. #.[... #+
#..... ..... #.....


You could see an orc wizard, a gnoll and an orc.

Vanquished Creatures
  A hound (D:2)
  Natasha (thrice) (D:2)
  2 mummies (Ossuary)
  Robin (D:2)
  2 adders
  2 dart slugs (D:1)
  A leopard gecko (D:1)
  An orc (D:2)
  4 bats
  5 giant cockroaches
  12 goblins
  10 hobgoblins
  5 kobolds
  4 quokkas (D:2)
  6 frilled lizards
  2 gnoll zombies (Ossuary)
  A hobgoblin zombie (Ossuary)
  3 kobold zombies (Ossuary)
  A leopard gecko skeleton (D:2)
  An orc zombie (Ossuary)
  3 rats
70 creatures vanquished.

Notes
Turn   | Place    | Note
-------+----------+-------------------------------------------
     0 | D:1      | Kniotic the Demigod Conjurer began the quest for the Orb.
     0 | D:1      | Reached XP level 1. HP: 14/14 MP: 5/5
   410 | D:1      | Reached XP level 2. HP: 20/20 MP: 2/7
   831 | D:1      | Reached skill level 4 in Conjurations
  1399 | D:2      | Reached XP level 3. HP: 26/26 MP: 3/9
  1547 | D:2      | Noticed Natasha
  1557 | D:2      | Killed Natasha
  1652 | D:2      | Reached XP level 4. HP: 32/33 MP: 4/11
  1693 | D:2      | Noticed Natasha
  2028 | D:2      | Noticed Robin
  2083 | D:2      | Killed Robin
  2325 | D:2      | Killed Natasha
  2468 | D:2      | Noticed Natasha
  2471 | D:2      | Killed Natasha
  2471 | D:2      | Reached skill level 5 in Conjurations
  2471 | D:2      | Reached XP level 5. HP: 38/38 MP: 9/13
  2549 | D:3      | You fall through a shaft!
  2701 | D:4      | Found a sand-covered staircase.
  2713 | Ossuary  | Entered an ossuary
  2951 | D:4      | Slain by a gnoll

Skill      XL: |  1  2  3  4 |
---------------+-------------+-----
Spellcasting   | 2 3 |  3.8
Conjurations   | 4 5 |  5.2
Dodging        | |  1.7
Stealth        | |  1.7

Action                   |  1- 3 |  4- 6 || total
-------------------------+-------+-------++-------
Melee: Unarmed           |     3 |     6 ||     9
 Cast: Magic Dart        |    76 |    84 ||   160
  Use: Scroll            |       |     8 ||     8
  Eat: Chunk             |     2 |     4 ||     6
Armor: Robe              |     5 |       ||     5
Dodge: Dodged            |    12 |    14 ||    26
